 Dungeon Sprint DCSS version 0.30-a0-414-gcb316572d5 (webtiles) character file.

Game seed: 2416665306110450372

29 Darkkill the Trooper (level 3, -1/36 HPs)
             Began as a Gargoyle Berserker on Dec 7, 2022.
             Was a Believer of Trog.
             Slain by a scorpion (7 damage)
             ... in the Dungeon (Sprint III: "The Ten Rune Challenge").
             The game lasted 00:00:42 (112 turns).

Darkkill the Trooper (Gargoyle Berserker)            Turns: 112, Time: 00:00:42

Health: -1/36      AC:  5    Str: 22    XL:     3   Next: 16%
Magic:  3/3        EV: 12    Int:  7    God:    Trog [**....]
Gold:   0          SH:  0    Dex:  9    Spells: 2/2 levels left

rFire   . . .      SeeInvis .    a - +0 mace
rCold   . . .      Faith    .    (no shield)
rNeg    + . .      Spirit   .    b - +0 animal skin
rPois   ∞          Reflect  .    (no helmet)
rElec   +          Harm     .    (no cloak)
rCorr   .          Rampage  .    (no gloves)
Will    .....      NoTele   +    (no boots)
Stlth   ..........               (no amulet)
HPRegen 0.26/turn                (no ring)
MPRegen 0.08/turn                (no ring)

@: berserking, very quick
A: sickness immunity, AC +3, negative energy resistance 1, electricity
resistance, torment resistance 1, petrification resistance
a: Renounce Religion, Berserk, Trog's Hand


You were in the Dungeon.
You worshipped Trog.
Trog was pleased with you.
You visited 1 branch

Inventory:

Hand Weapons
 a - a +0 mace (weapon)
Missiles
 i - 9 stones (quivered)
Armour
 b - a +0 animal skin (worn)
Potions
 c - a potion of curing {@q1}
 d - a potion of heal wounds
 e - a potion of haste
 f - 2 potions of magic
 g - a potion of berserk rage


   Skills:
 + Level 4.6 Fighting
 + Level 4.2 Maces & Flails
 + Level 3.9 Armour
 + Level 2.9 Dodging


You had 2 spell levels left.
You didn't know any spells.
Your spell library was empty.

Dungeon Overview and Level Annotations

Branches:
Dungeon (1/1)

Altars:


Innate Abilities, Weirdness & Mutations

You are immune to sickness and miasma.
Your stone body is resilient. (AC +3)
You are immune to poison.
You resist negative energy. (rN+)
You are resistant to electric shocks. (rElec)
You are resistant to unholy torment.
You are immune to petrification.


Message History

You are frozen.
You sock the endoplasm!
You kill the endoplasm!
Trog accepts your kill.
You start resting.
HP restored.
Found 9 stones.
A rat comes into view.
You see here 9 stones.
The rat barely misses you.
You sock the rat!
You kill the rat!
Trog accepts your kill.
You can now call upon Trog for regeneration and willpower.
Your Dodging skill increases to level 2!
i - 9 stones Jessica the Apprentice Sorceress comes into view.
She is wielding a +0 dagger.
Jessica shouts!
Jessica barely misses you.
A red film seems to cover your vision as you go berserk!
You feel yourself moving faster!
You feel mighty! Jessica gestures at you while chanting.
Pain shoots through your body!
You closely miss Jessica.
Jessica gestures wildly while chanting.
Jessica blinks!
You feel a strong urge to attack something.
You feel your anger nearly subside.
You are no longer berserk.
You are exhausted.
You feel yourself slow down. Jessica barely misses you.
You hit Jessica.
Jessica is severely wounded.
Jessica barely misses you. Jessica closely misses you.
You hit Jessica.
You kill Jessica!
Trog accepts your kill.
Trog appreciates your killing of a magic user.
Your Fighting skill increases to level 4!
Your Maces & Flails skill increases to level 4!
Your Armour skill increases to level 3!
You have reached level 2!
You have reached level 3!
Your experience leads to an increase in your attributes!
Increase (S)trength, (I)ntelligence, or (D)exterity?
You feel stronger. x2
Unknown command.
You start resting.
HP restored.
A human comes into view.
A scorpion comes into view.
The human shouts!
Okay, then.
Blink to where?
Press: ? - help, Q - select action, (/) - cycle Dir - move target
As you read the scroll of blinking, it crumbles to dust.
The human hits you.
You barely miss the human.
You feel yourself speed up. The human barely misses you. x2
You hit the human.
The human is lightly wounded.
The human hits you. The scorpion stings you.
You barely miss the human.
The human is lightly wounded.
The scorpion closely misses you. The human hits you but does no damage.
You miss the human.
The human is lightly wounded.
The scorpion stings you but does no damage.
The human hits you.
The scorpion stings you but does no damage.
You hit the human but do no damage.
The human is lightly wounded.
The human hits you but does no damage. The scorpion stings you.
You closely miss the human.
The human is lightly wounded.
The human hits you but does no damage. The scorpion misses you.
The human misses you.
You barely miss the human.
The human is lightly wounded.
The scorpion stings you.
* * * LOW HITPOINT WARNING * * *
The human hits you but does no damage. The scorpion closely misses you.
You hit the human.
The human is moderately wounded.
The scorpion misses you. The human hits you but does no damage.
You hit the human.
The human is moderately wounded.
You recover from your berserk rage.
The scorpion closely misses you. The human barely misses you.
The scorpion closely misses you.
You closely miss the human.
The human is moderately wounded.
The human closely misses you. The scorpion closely misses you.
Unknown command.
A red film seems to cover your vision as you go berserk!
You feel yourself moving faster!
You feel mighty! The human hits you.
* * * LOW HITPOINT WARNING * * *
The scorpion stings you!
You die...

▓▓▓▓▓▓▓▓▓ ▓▓
▓<..#...#### ##.#
▓...#......## #..#
▓..##.....).# #..#
▓##.##.##...# #..#
##.##.###..# #@.#
▓#.####.##..#
#.ps+
▓.###..##..##
#...# ▓#.....##..#
#....#
###..##...##.....#
##..##....#......#
#..###..##.#.....#
#[.# #..#####....#
▓▓▓▓ ▓▓▓▓ ▓▓▓▓▓


You could see a human and a scorpion.

Vanquished Creatures
  Jessica (D)
  2 endoplasms (D)
  A rat (D)
4 creatures vanquished.

Notes
Turn   | Place    | Note
-------+----------+-------------------------------------------
     0 | D        | Darkkill the Gargoyle Berserker began the quest for the
                  | Orb.
     0 | D        | Reached XP level 1. HP: 14/14 MP: 1/1
    59 | D        | Reached ** piety under Trog
    71 | D        | Noticed Jessica
    81 | D        | Killed Jessica
    82 | D        | Reached XP level 2. HP: 18/20 MP: 2/2
    82 | D        | Reached XP level 3. HP: 22/24 MP: 3/3
   100 | D        | Noticed a scorpion
   112 | D        | HP: 6/36 [human (6)]
   112 | D        | Slain by a scorpion

Illustrated notes

Levels and vault maps discovered:
D:        dungeon_sprint_mu [sprint_mu_entry_cave, sprint_mu_temple_rooms,
          sprint_mu_d1_spiders, sprint_mu_d2_genie, sprint_mu_d3_branching,
          sprint_mu_orc_legion, sprint_mu_elf_gauntlet, sprint_mu_hive_nellie,
          sprint_mu_lair_fedhas, sprint_mu_vaults_butterflies,
          sprint_mu_slime_circle, sprint_mu_swamp_cave, sprint_mu_snake_twists,
          sprint_mu_blade_basic, sprint_mu_crypt_fortress,
          sprint_mu_tomb_spiral, sprint_mu_vestibule_basic,
          sprint_mu_gehenna_hellfire, sprint_mu_dis_giant,
          sprint_mu_tartarus_statrot, sprint_mu_cocytus_islands, sprint_mu_zot1]

Skill      XL: |  1 |
---------------+----+-----
Dodging        | 2 |  2.9
Fighting       | 4 |  4.6
Maces & Flails | 4 |  4.2
Armour         | 3 |  3.9

Action                   || total
-------------------------++-------
Melee: Mace              ||    18
Invok: Berserk           ||     2
  Use: Scroll            ||     1
Armor: Animal skin       ||     7
Dodge: Dodged            ||    18

Table legend: (Time is in decaauts)
 A = Elapsed time spent in this place.
 B = Non-inter-level travel time spent in this place.
 C = Inter-level travel time spent in this place.
 D = Time resting spent in this place.
 E = Time spent auto-exploring this place.
 F = Levels seen in this place.
 G = Mean time per level.
                   A        B        C        D        E       F      G
               +--------+--------+--------+--------+--------+-----+--------+
         Total |    125 |    120 |      5 |     34 |      0 |   1 |  125.0 |
       Dungeon |    125 |    120 |      5 |     34 |      0 |   1 |  125.0 |
               +--------+--------+--------+--------+--------+-----+--------+

Top non-repeatable levels by time:
       D: 125 daAuts

Table legend:
 A = Kills in this place as a percentage of kills in entire the game.
 B = Kills by you in this place as a percentage of kills by you in the entire game.
 C = Kills by friends in this place as a percentage of kills by friends in the entire game.
 D = Other kills in this place as a percentage of other kills in the entire game.
 E = Experience gained in this place as a percentage of experience gained in the entire game.
 F = Experience gained in this place divided by the number of levels of this place that you have seen.
                   A       B       C       D       E      F
               +-------+-------+-------+-------+-------+----------------------
         Total | 100.0 | 100.0 |   N/A |   N/A | 100.0 |  42.0
       Dungeon | 100.0 | 100.0 |   N/A |   N/A | 100.0 |  42.0
               +-------+-------+-------+-------+-------+----------------------
